 Dungeon Crawl Stone Soup version 0.16-a0-3736-g4b94454 (webtiles) character file.

594 Johnny the Shield-Bearer (level 7, 0/49 HPs)
             Began as an Octopode Fighter on Jan 22, 2015.
             Was an Initiate of the Shining One.
             Slain by a goliath beetle (25 damage)
             ... on level 4 of the Dungeon.
             The game lasted 00:09:58 (6186 turns).

Johnny the Shield-Bearer (Octopode Fighter)         Turns: 6186, Time: 00:09:59

Health: 0/49       AC:  1    Str: 15    XL:     7   Next: 39%
Magic:  7/7        EV: 12    Int: 11    God:    the Shining One [......]
Gold:   225        SH: 10    Dex: 13    Spells: 0 memorised, 6 levels left

rFire  . . .     SeeInvis .     o - +4 flail
rCold  . . .     Clarity  .     c - +1 shield
rNeg   . . .     SustAb   .     (helmet restricted)
rPois  +         Gourm    .     (no amulet)
rElec  .         Spirit   .     t - ring of poison resistance
rCorr  .         Warding  .     e - ring of protection from magic
rMut   .         Stasis   .     (no ring)
MR     +....                    (no ring)
Stlth  ++........               (no ring)
                                (no ring)
                                (no ring)
                                (no ring)

@: somewhat resistant to hostile enchantments, unstealthy
A: almost no armour, amphibious, 8 rings, constrict 8, camouflage 1, gelatinous
body 1
a: Renounce Religion


You were on level 4 of the Dungeon.
You worshipped the Shining One.
The Shining One was noncommittal.
You were not hungry.

You visited 1 branch of the dungeon, and saw 5 of its levels.
You also visited: Sewer.

You collected 225 gold pieces.

Inventory:

Hand weapons
 a - a +0 long sword
 o - a +4 flail (weapon)
 v - a -1 dagger
Armour
 c - a +1 shield (worn)
Jewellery
 e - a ring of protection from magic (right tentacle)
 t - a ring of poison resistance (left tentacle)
 A - an uncursed ring of magical power {unknown}
Magical devices
 q - a wand of confusion (32)
Scrolls
 f - 3 scrolls of teleportation
 i - a scroll of fog
 j - 2 scrolls of magic mapping
 k - 2 scrolls of recharging
 l - 2 scrolls of amnesia
 m - 2 scrolls of fear
 x - a scroll of blinking
 y - a scroll of remove curse
Potions
 b - 8 potions of curing
 g - a potion of ambrosia {unknown}
 n - 2 potions of poison {unknown}
 p - 3 potions of flight {unknown}
 r - a potion of brilliance {unknown}
 u - a potion of cancellation
 w - a potion of invisibility {unknown}
 z - a potion of restore abilities {unknown}
Comestibles
 d - 3 bread rations
 h - 14 fruits
 s - 3 meat rations


   Skills:
 * Level 4.6 Fighting
 - Level 2.6 Long Blades
 * Level 5.3 Dodging
 * Level 5.5 Shields
 + Level 0.7 Invocations


You had 6 spell levels left.
You didn't know any spells.

Dungeon Overview and Level Annotations

Branches:
Dungeon (5/15)
 Temple: D:4-7

Altars:
Ashenzari
Dithmenos
Elyvilon
Gozag
Sif Muna
Zin
The Shining One

Shops:
D:4 [

Annotations:
D:4 Johnny's ghost, experienced OpFi


Innate Abilities, Weirdness & Mutations

You cannot wear most types of armour.
You are amphibious.
You can wear up to eight rings at the same time.
You can use your tentacles to constrict many enemies at once.
Your skin changes colour to match your surroundings (Stealth).
Your rubbery body absorbs attacks (AC +1).


Message History

You block the giant frog skeleton's attack.
You thump the giant frog skeleton!
You destroy the giant frog skeleton!
The Shining One accepts your kill.
No target in view!
No target in view!
A goliath beetle comes into view.
The goliath beetle twitches its antennae in your direction.
You sock the goliath beetle! You grab the goliath beetle.
The goliath beetle is lightly wounded.
You constrict the goliath beetle, but do no damage.
The goliath beetle bites you!!
You hit the goliath beetle.
The goliath beetle is moderately wounded.
You constrict the goliath beetle, but do no damage.
You sock the goliath beetle!
The goliath beetle is moderately wounded.
You constrict the goliath beetle. The goliath beetle bites you!!
Ouch! That really hurt!
You die...

,,,**,,,,_,,,,,**
****#........#
,,,**,,,,,,,,,**
#.......##
,,,*****,,,**** ##.....##
,,,,**≈*,,,*,* ##.....##
,,,,,***,..#** ##......#
,,,,,***,....##*
##....#..#*
,,,,,,,,,......#*
###...####..#*
,,,,,,,,.......B###...###
#...#*
,,,,,,,,,,,,,*#.@...###
*#....#
*,,*,,,,,,,,,*###..##
*..##., **,*,,,,,,,,,*
#.## *,#****
**,,,,,***,,* ### *** **
**,,*** **** *, **** **


You could see a goliath beetle.

Vanquished Creatures
  A jelly (D:5)
  A crimson imp (D:5)
  An iguana (D:5)
  A giant frog skeleton (D:4)
  2 hounds (D:5)
  2 worker ants (D:4)
  A killer bee zombie (D:5)
  Jessica (D:2)
  Terence (D:2)
  A hound skeleton (D:4)
  4 gnolls (D:4)
  6 adders
  2 giant mites
  7 worms
  12 giant geckos
  5 oozes (Sewer)
  6 orcs
  3 ball pythons
  A bat skeleton (D:4)
  5 giant cockroaches
  9 hobgoblins
  14 jackals
  3 quokkas
  15 bats
  4 giant newts
  13 goblins
  A jackal skeleton (D:4)
  6 kobolds
  16 rats
144 creatures vanquished.

Notes
Turn   | Place    | Note
--------------------------------------------------------------
     0 | D:1      | Johnny, the Octopode Fighter, began the quest for the Orb.
     0 | D:1      | Reached XP level 1. HP: 16/16 MP: 1/1
   321 | D:1      | Reached XP level 2. HP: 19/21 MP: 2/2
   697 | D:1      | Reached XP level 3. HP: 7/26 MP: 3/3
   733 | D:2      | Noticed Jessica
   735 | D:2      | Found an opulent altar of Gozag.
  1437 | D:2      | Noticed Terence
  1447 | D:2      | Killed Terence
  1447 | D:2      | Reached XP level 4. HP: 7/31 MP: 4/4
  1815 | D:2      | Found a shadowy altar of Dithmenos.
  1896 | D:2      | Killed Jessica
  1987 | D:2      | Reached skill level 4 in Shields
  2134 | D:2      | Reached XP level 5. HP: 36/36 MP: 5/5
  2820 | D:4      | Found a glowing drain.
  2834 | Sewer    | Entered a sewer
  4018 | D:4      | Reached XP level 6. HP: 43/43 MP: 6/6
  4347 | D:4      | Noticed Johnny's ghost (experienced OpFi)
  4485 | D:4      | Reached skill level 5 in Shields
  4639 | D:4      | Found Twuror's Antique Armour Shop.
  4841 | D:5      | Entered Level 5 of the Dungeon
  4987 | D:5      | Reached skill level 5 in Dodging
  5114 | D:5      | Found a shattered altar of Ashenzari.
  5122 | D:5      | Reached XP level 7. HP: 24/48 MP: 7/7
  5527 | D:5      | Found a glowing silver altar of Zin.
  5527 | D:5      | Found a glowing golden altar of the Shining One.
  5527 | D:5      | Found a white marble altar of Elyvilon.
  5533 | D:5      | Became a worshipper of the Shining One
  5762 | D:5      | Found a deep blue altar of Sif Muna.
  6186 | D:4      | Slain by a goliath beetle

Action                   |  1- 3 |  4- 6 |  7- 9 || total
-------------------------+-------+-------+-------++-------
Melee: Long sword        |    75 |       |       ||    75
       Flail             |       |    67 |    35 ||   102
       Dagger            |       |   175 |       ||   175
Evoke: Wand              |       |     1 |       ||     1
  Use: Potion            |     2 |       |       ||     2
       Scroll            |       |    17 |       ||    17
 Stab: Sleeping          |     4 |     4 |     1 ||     9
  Eat: Chunk             |     2 |    11 |     4 ||    17
